Map: New Repugnancy LE

Players

HateMe

  • Race: Zerg Zerg
  • League: Master
  • Spawn Location: 7:00

TYTY (TY) - Winner!

  • Race: Terran Terran
  • League: Diamond
  • Spawn Location: 1:00

Event: HomeStory Cup XIX

VOD

Have the link to the VOD?

Description

Time

  • Played on: June 28, 2019, 11:48 a.m.
  • Length: 18:15

All games in this series

Show
View Real Time Build Order
Export as new Build Order

HateMe Zerg 

Build Orders: Pool First 

Get SALT Encoding   

  12  0:00  Drone  
  13  0:12  Overlord  
  13  0:17  Drone  
  14  0:31  Drone x2  
  16  0:41  Spawning Pool  
  15  0:46  Drone  
  15  0:48  Drone  
  17  1:09  Hatchery  
  16  1:12  Drone  
  17  1:26  Extractor  
  17  1:27  Zergling x4  
  17  1:28  Zergling x2  
  17  1:32  Queen  
  21  1:41  Overlord  
  21  1:51  Spine Crawler  
  21  1:53  Spine Crawler  
  20  2:08  Queen  
  22  2:11  Zergling x6  
  25  2:21  Queen  
  27  2:35  Drone x3  
  30  2:39  Drone  
  30  2:40  Drone  
  30  2:43  Drone  
  31  2:53  Queen  
  32  3:02  Queen  
  32  3:11  Overlord  
  31  3:18  Drone x4  
  35  3:32  Queen  
  35  3:34  Drone, Overlord  
  37  3:35  Drone  
  37  3:37  Drone  
  40  3:44  Overlord  
  40  3:46  Extractor  
  40  3:47  Extractor  
  38  3:51  Queen  
  40  3:59  Drone x4  
  44  4:11  Roach Warren  
  44  4:15  Spine Crawler  
  44  4:17  Overlord  
  42  4:21  Drone x2  
  44  4:25  Drone  
  44  4:26  Drone  
  46  4:32  Drone x2  
  46  4:38  Lair  
  48  4:42  Overlord  
  48  4:44  Drone  
  49  5:00  Drone x4  
  49  5:06  Overlord  
  53  5:07  Roach x3  
  53  5:10  Extractor  
  58  5:16  Roach x3  
  62  5:29  Queen  
  62  5:32  Overlord x2  
  64  5:40  Nydus Network  
  63  5:44  Roach  
  63  5:45  Roach x3  
  71  5:58  Roach x4  
  79  6:04  Overlord  
  79  6:10  Roach x4  
  87  6:20  Nydus Canal  
  87  6:28  Roach x2  
  91  6:34  Nydus Canal  
  91  6:37  Roach x3  
  97  6:48  Nydus Canal  
  91  6:58  Roach x5  
  87  7:08  Nydus Canal  
  87  7:15  Drone x8  
  90  7:20  Glial Reconstitution  
  90  7:22  Hatchery, Extractor  
  94  7:25  Drone  
  94  7:26  Drone x2  
  86  7:40  Roach x5  
  76  7:45  Roach  
  76  7:58  Roach x5  
  84  8:19  Nydus Canal  
  84  8:21  Roach x4  
  92  8:30  Roach x4  
  92  8:32  Overseer  
  100  8:37  Queen  
  102  8:51  Roach x2  
  102  8:54  Nydus Canal  
  106  8:57  Overlord x3  
  106  9:06  Roach x2  
  106  9:07  Tunneling Claws  
  104  9:13  Nydus Canal  
  104  9:15  Roach x10  
  108  9:23  Extractor x2  
  107  9:24  Drone x5  
  111  9:32  Drone x3  
  110  9:49  Drone x4  
  114  9:54  Roach x7  
  128  10:00  Ravager x2  
  128  10:03  Overlord x2  
  130  10:08  Overseer  
  130  10:10  Overseer  
  130  10:17  Overlord x2  
  130  10:23  Burrow, Roach  
  130  10:24  Roach x3  
  130  10:25  Overlord  
  130  10:27  Ravager x2  
  140  10:34  Ravager x2  
  140  10:35  Ravager  
  143  10:36  Roach x3  
  143  10:41  Nydus Canal  
  149  10:48  Overlord  
  149  10:49  Roach x3  
  157  10:50  Roach  
  157  10:52  Ravager x2  
  159  11:02  Roach x5  
  169  11:06  Overlord  
  163  11:13  Nydus Canal  
  159  11:22  Roach x8  
  163  11:26  Roach x2  
  167  11:47  Roach x9  
  131  11:58  Roach x6  
  137  12:02  Nydus Canal  
  137  12:06  Roach x2  
  141  12:10  Nydus Canal  
  136  12:29  Roach x8  
  152  12:30  Overseer x3  
  152  12:32  Ravager x3  
  152  12:33  Ravager  
  150  12:39  Nydus Canal  
  150  12:43  Roach x3  
  140  12:47  Roach x2  
  138  12:56  Roach x7  
  138  12:59  Roach  
  138  13:00  Roach x4  
  148  13:09  Roach x4  
  148  13:12  Overseer  
  148  13:20  Roach x3  
  152  13:31  Roach x4  
  143  13:35  Roach x3  
  143  13:37  Nydus Canal  
  147  13:44  Roach x3  
  151  13:55  Roach x3  
  145  14:09  Roach x2  
  137  14:11  Hatchery, Overlord x2  
  137  14:15  Ravager  
  128  14:17  Ravager  
  128  14:18  Roach x3  
  128  14:22  Roach x2  
  138  14:35  Roach x6  
  141  14:43  Roach x2  
  141  14:44  Roach  
  145  14:48  Roach x2  
  145  14:51  Nydus Canal  
  149  15:02  Roach x2  
  149  15:06  Overlord x2  
  149  15:07  Overlord  
  153  15:17  Evolution Chamber  
  153  15:20  Evolution Chamber  
  151  15:22  Overlord x2  
  151  15:27  Roach x3  
  156  15:28  Ravager  
  156  15:29  Ravager x2  
  156  15:30  Ravager  
  156  15:33  Roach  
  156  15:34  Roach  
  149  15:43  Roach  
  149  15:44  Roach x2  
  149  15:45  Zerg Missile Weapons Level 1  
  155  15:51  Zerg Ground Armor Level 1  
  150  16:04  Drone x10, Roach  
  150  16:05  Roach x3  
  154  16:12  Roach x4  
  150  16:29  Roach x5  
  144  16:36  Drone  
  144  16:37  Drone x3  
  148  16:48  Drone x7  
  155  16:59  Roach x4  
  152  17:09  Roach x3  
  134  17:20  Roach  
  134  17:21  Roach x3  
  126  17:30  Roach x3  
  132  17:44  Roach x5  
  130  17:48  Roach x3  
  130  17:49  Roach x2  
Show
View Real Time Build Order
Export as new Build Order

TYTY Terran - Winner!

Build Orders:  

Get SALT Encoding   

  12  0:00  SCV  
  13  0:12  SCV  
  14  0:19  Supply Depot  
  14  0:41  Barracks  
  14  0:43  Refinery  
  14  0:53  Barracks  
  14  0:58  SCV  
  15  1:10  SCV  
  17  1:27  Reaper  
  17  1:28  Orbital Command  
  17  1:31  Refinery  
  17  1:44  Reaper  
  18  1:50  Barracks  
  18  1:56  SCV  
  18  2:01  Reaper  
  20  2:16  Reaper, SCV, Supply Depot  
  22  2:28  SCV  
  23  2:30  Supply Depot  
  23  2:39  Reaper  
  23  2:43  Reaper  
  22  2:48  Reaper  
  23  2:51  SCV  
  24  3:03  SCV  
  24  3:04  Supply Depot  
  25  3:11  Reaper  
  26  3:16  SCV  
  26  3:17  Reaper  
  28  3:23  Reaper  
  28  3:26  Supply Depot  
  29  3:29  SCV  
  30  3:41  SCV  
  30  3:43  Reaper  
  32  3:50  Reaper  
  32  3:53  SCV  
  34  3:58  Reaper  
  35  4:08  SCV  
  36  4:22  SCV  
  37  4:34  Command Center, Factory  
  37  4:37  SCV  
  38  4:46  Supply Depot  
  38  4:49  SCV  
  39  5:01  SCV  
  39  5:05  Command Center  
  40  5:13  SCV  
  41  5:18  Factory Reactor  
  41  5:25  SCV  
  41  5:37  SCV  
  42  5:42  Engineering Bay  
  42  5:43  Engineering Bay  
  42  5:46  Barracks Tech Lab  
  42  5:48  Orbital Command  
  43  5:50  SCV  
  43  5:52  Barracks Tech Lab  
  43  6:02  SCV  
  43  6:04  Bunker  
  43  6:06  Marine x2  
  43  6:10  Siege Tank, Barracks Tech Lab  
  43  6:11  Marine  
  49  6:14  Stimpack, SCV  
  49  6:16  SCV  
  51  6:23  Marine  
  51  6:25  Marine  
  51  6:28  SCV  
  52  6:35  Marine  
  52  6:36  Bunker  
  53  6:42  Siege Tank  
  51  6:50  Marine x2  
  51  6:51  Marine  
  51  6:53  Marine  
  44  7:02  Orbital Command  
  44  7:03  Orbital Command  
  44  7:08  Marine x2  
  44  7:11  Marine x2  
  44  7:14  Siege Tank  
  51  7:18  SCV  
  52  7:26  Marine x2  
  52  7:28  Marine  
  55  7:30  SCV  
  53  7:37  Marine  
  53  7:44  Marine  
  44  7:49  Siege Tank  
  44  7:50  SCV  
  49  7:55  SCV  
  50  8:03  Terran Infantry Weapons Level 1  
  50  8:05  Terran Infantry Armor Level 1  
  49  8:06  SCV  
  49  8:07  SCV  
  49  8:09  Marine  
  52  8:13  Marine  
  52  8:14  Marine  
  52  8:15  SCV  
  52  8:18  SCV  
  52  8:19  SCV  
  57  8:20  Marine  
  57  8:26  Marine  
  59  8:30  SCV  
  59  8:31  Marine  
  59  8:34  SCV x2, Starport  
  63  8:38  Combat Shield  
  63  8:40  Marine  
  64  8:42  SCV  
  64  8:44  Marine, Barracks Reactor  
  64  8:46  SCV  
  66  8:51  Marine  
  66  8:54  Missile Turret  
  64  8:58  Siege Tank, Marine  
  64  9:01  Supply Depot  
  68  9:03  Marine, Supply Depot  
  68  9:09  Marine  
  65  9:14  SCV x2  
  65  9:15  SCV  
  65  9:16  Marine  
  65  9:21  Marine  
  66  9:26  SCV x2  
  66  9:27  Marine  
  66  9:28  Marine x2, SCV  
  66  9:30  Starport Reactor  
  72  9:35  Refinery  
  72  9:36  Refinery  
  72  9:38  SCV x2  
  74  9:42  SCV  
  75  9:46  Armory  
  75  9:50  SCV  
  76  9:57  Marine x3  
  79  10:01  SCV x2  
  79  10:02  SCV  
  79  10:07  Medivac x2  
  84  10:10  Marine x2  
  88  10:15  SCV, Supply Depot x2  
  88  10:16  SCV  
  88  10:17  SCV  
  91  10:23  Marine x3  
  95  10:28  SCV x2  
  95  10:29  Orbital Command  
  95  10:33  Siege Tank  
  99  10:36  Marine x2  
  101  10:44  Medivac x2  
  101  10:45  Marine x2  
  101  10:46  Marine  
  108  10:50  SCV x2  
  108  10:51  Supply Depot  
  108  10:55  Marine x2  
  112  11:03  SCV  
  113  11:04  SCV  
  113  11:08  Terran Infantry Weapons Level 2  
  113  11:11  Orbital Command  
  109  11:18  Siege Tank, Marine x3  
  109  11:20  Marine x2  
  111  11:27  Medivac x2  
  111  11:30  SCV x2  
  116  11:36  Marine x2  
  118  11:43  Terran Infantry Armor Level 2  
  118  11:44  Marine x2  
  112  11:48  Marine  
  112  11:54  Marine x2  
  95  11:57  Medivac  
  90  12:02  Marine x2  
  90  12:04  Siege Tank  
  90  12:06  Marine  
  90  12:08  SCV x2  
  97  12:11  Marine  
  97  12:12  Marine  
  97  12:20  Marine x2  
  98  12:24  Marine  
  98  12:29  Marine x2  
  100  12:36  Siege Tank  
  103  12:38  Marine x2  
  103  12:42  Marine  
  93  12:47  Marine x2  
  92  12:55  Marine x2  
  94  12:59  Marine  
  94  13:00  Medivac x2  
  94  13:05  Marine x2  
  101  13:07  Orbital Command  
  101  13:11  Siege Tank  
  104  13:13  Marine x2  
  104  13:17  Marine  
  106  13:23  Marine x2  
  107  13:31  Marine x2  
  107  13:33  Terran Infantry Weapons Level 3  
  101  13:35  Marine  
  101  13:37  Orbital Command  
  101  13:41  Marine x2  
  101  13:45  Siege Tank  
  102  13:49  Marine  
  95  14:00  Marine x4  
  94  14:08  Marine  
  89  14:17  Siege Tank  
  89  14:18  Marine  
  89  14:22  Barracks x2  
  93  14:27  Marine x3  
  93  14:31  Marauder  
  98  14:37  Marine  
  96  14:45  Marine  
  95  14:47  Marine x2  
  95  14:49  Siege Tank  
  101  14:54  Marauder  
  101  14:55  Marine  
  101  14:57  SCV  
  103  15:03  Marine  
  103  15:05  Marine x2  
  105  15:09  SCV  
  105  15:10  Barracks Tech Lab x2  
  105  15:12  Marine  
  107  15:15  Marine  
  107  15:21  Siege Tank, Marine  
  108  15:23  Marine, Marauder  
  108  15:24  Marine  
  108  15:25  Liberator  
  108  15:27  Refinery, Liberator  
  116  15:30  Marine, Marauder  
  116  15:33  Marauder  
  119  15:39  Marine  
  119  15:41  Marine  
  118  15:45  Marine  
  118  15:46  Concussive Shells  
  118  15:48  Marine  
  118  15:49  Supply Depot  
  125  15:50  Supply Depot  
  125  16:10  Marine x2  
  125  16:11  Marauder x2  
  130  16:17  Marauder, Marine x2  
  133  16:25  Medivac  
  133  16:27  Medivac  
  133  16:32  Marauder, Marine x2  
  134  16:33  Marauder  
  134  16:36  Siege Tank  
  134  16:37  Orbital Command  
  134  16:38  Marauder  
  140  16:41  Marine  
  141  16:49  Supply Depot  
  141  16:50  Supply Depot  
  141  16:51  Marine, SCV x2  
  143  17:03  SCV  
  143  17:07  SCV x2  
  145  17:14  Marauder  
  145  17:15  Marine x2  
  149  17:20  SCV x3  
  149  17:21  Siege Tank  
  136  17:32  Marine x2  
  136  17:33  Marauder, Marine  
  136  17:34  Marauder  
  143  17:40  SCV x2  
  143  17:43  Marine x2  
  141  17:50  Marine x2  
  143  17:54  Marine  
  141  18:02  SCV x3  
  141  18:03  Supply Depot  
  141  18:05  Supply Depot  
Tags
 
Add a new tag
Caveats
  • Supply blocks, unpowered buildings, or Contaminate may cause inaccurate times.
  • Supply counts are checked every 10 seconds.